 Dungeon Crawl Stone Soup version 0.18-a0-1666-g3ea6f2b (webtiles) character file.

154 syage the Chopper (level 5, -6/47 HPs)
             Began as a Minotaur Berserker on Mar 31, 2016.
             Was a Believer of Trog.
             Mangled by an ogre
             ... wielding a +0 giant club
              (16 damage)
             ... on level 4 of the Dungeon.
             The game lasted 00:05:15 (2447 turns).

syage the Chopper (Minotaur Berserker)              Turns: 2447, Time: 00:05:16

Health: -6/47      AC:  7    Str: 23    XL:     5   Next: 13%
Magic:  4/4        EV: 10    Int:  4    God:    Trog [**....]
Gold:   183        SH:  0    Dex:  9    Spells: 0 memorised, 4 levels left

rFire  . . .     SeeInvis .     a - +0 hand axe
rCold  . . .     Gourm    .     h - +0 scale mail
rNeg   . . .     Faith    .     (no shield)
rPois  .         Spirit   .     (helmet restricted)
rElec  .         Dismiss  .     (no cloak)
rCorr  .         Reflect  .     (no gloves)
SustAt .         Harm     .     (no boots)
MR     .....                    (no amulet)
Stlth  ..........               (no ring)
                                (no ring)

@: not resistant to hostile enchantments, extremely unstealthy
A: retaliatory headbutt, horns 2
a: Berserk, Trog's Hand, Burn Spellbooks, Renounce Religion


You were on level 4 of the Dungeon.
You worshipped Trog.
Trog was pleased with you.
You were hungry.

You visited 1 branch of the dungeon, and saw 4 of its levels.

You collected 183 gold pieces.

Inventory:

Hand Weapons
 a - a +0 hand axe (weapon)
Armour
 b - a +0 animal skin
 d - a +0 robe
 h - a +0 scale mail (worn)
Scrolls
 e - 4 scrolls of identify
 k - a scroll of fog {unknown}
 m - a scroll of remove curse
Potions
 f - a potion of beneficial mutation {unknown}
 g - 2 potions of agility {unknown}
 j - 6 potions of lignification {unknown}
 n - a potion of brilliance {unknown}
 o - a potion of haste {unknown}
Comestibles
 c - 3 bread rations
 i - 4 meat rations
 l - a slice of pizza


   Skills:
 + Level 4.7 Fighting
 * Level 5.5 Axes
 + Level 3.7 Armour
 - Level 2.3 Dodging


You had 4 spell levels left.
You didn't know any spells.

Dungeon Overview and Level Annotations

Branches:
Dungeon (4/15)
 Temple: D:4-7

Altars:
Ashenzari
Okawaru
Trog


Innate Abilities, Weirdness & Mutations

You reflexively headbutt those who attack you in melee.
You have a pair of horns on your head.


Message History

Trog accepts your kill.
You have reached level 5!
You feel sick.
An ogre comes into view. It is wielding a giant club.
You feel sick.
The ogre shouts!
Found a scroll labeled IRIFEMYSYTH.
You feel sick.
You are no longer poisoned.
The ogre closely misses you.
You hit the ogre. You headbutt the ogre.
The ogre is lightly wounded.
You hit the ogre. You headbutt the ogre.
The ogre is moderately wounded.
The ogre hits you with a giant club!!
* * * LOW HITPOINT WARNING * * *
You hit the ogre.
The ogre is heavily wounded.
The ogre hits you with a giant club!
You die...

.......<#....### #.# #.# #.
....#####.#.## #.# #.# #. # #.#
#.#.# #.###.#### ####.####.###
#.#.# #.........
...........###.#.# ###.#.#...
#....##.#..##.#.# #.#.####
+.........)...#.# #.#.#
#.#....##.##..###.########.#.####
...............O@................
#.#....##.#............<##.#.####
#.... #...##.##..##.####.#.####
#.... ###.##.##.....# #.#.....
#..O. #.##.##..##.# #.#.####
#.?.. #.##..#..##.# #.......
....# #.###.#..##.######.####
..... #..................#
#.###.#.......######


You could see an ogre.

Vanquished Creatures
  A worker ant (D:4)
  A hound skeleton (D:4)
  4 adders
  2 worms (D:2)
  6 dart slugs
  3 giant geckos
  2 orcs (D:3)
  5 bats
  6 goblins
  10 hobgoblins
  A quokka (D:2)
  4 giant newts
  7 kobolds
  8 rats
60 creatures vanquished.

Notes
Turn   | Place    | Note
--------------------------------------------------------------
     0 | D:1      | syage the Minotaur Berserker began the quest for the Orb.
     0 | D:1      | Reached XP level 1. HP: 19/19 MP: 0/0
   364 | D:1      | Reached XP level 2. HP: 27/27 MP: 1/1
   572 | D:2      | Found a shattered altar of Ashenzari.
   599 | D:2      | Reached skill level 4 in Axes
   804 | D:2      | Reached XP level 3. HP: 31/33 MP: 2/2
   878 | D:2      | Found an iron altar of Okawaru.
  1045 | D:2      | Reached ** piety under Trog
  1368 | D:3      | Reached XP level 4. HP: 41/41 MP: 3/3
  1412 | D:3      | Found a bloodstained altar of Trog.
  1750 | D:3      | Reached skill level 5 in Axes
  2425 | D:4      | Reached XP level 5. HP: 28/47 MP: 4/4
  2431 | D:4      | Noticed an ogre
  2447 | D:4      | Mangled by an ogre

Vault maps used:
D:1:      minmay_arrival_checkered_box
D:2:      wad_river_or_something, lemuel_round_altar, old_standard_altar
D:3:      first_bread, trog_hazing_becter
D:4:      lemuel_crystal_altar, serial_bayou_pond_a

Skill      XL: |  1  2  3  4 |
---------------+-------------+-----
Fighting       | 4 |  4.7
Axes           | 4 5 |  5.5
Armour         | 3 |  3.7
Dodging        | |  2.3

Action                   |  1- 3 |  4- 6 || total
-------------------------+-------+-------++-------
Melee: Hand axe          |    69 |    71 ||   140
  Use: Scroll            |     2 |       ||     2
  Eat: Chunk             |     1 |     3 ||     4
